 Dungeon Crawl Stone Soup version bcrawl-1.18.1 (webtiles) character file.

Game seed: 5013814728252604271

67 Revguard the Ducker (level 4, -1/25 HPs)
             Began as an Avariel Archaeologist on Nov 9, 2019.
             Slain by a hound (5 damage)
             ... on level 2 of the Dungeon.
             The game lasted 00:04:37 (2073 turns).

Revguard the Ducker (Avariel Archaeologist)         Turns: 2073, Time: 00:04:37

Health: -1/25      AC:  8    Str:  9 (10) XL:     4   Next: 16%
Magic:  6/6        EV: 11    Int: 19 (20) God:
Gold:   55         SH:  0    Dex:  8 (11) Spells: 3/3 levels left

rFire    . . .     SeeInvis .   j - +1 short sword (speed)
rCold    . . .     Gourm    .   (no shield)
rNeg     . . .     Faith    .   l - +0 ring mail
rPois    .         Spirit   .   o - +0 helmet
rElec    .         Reflect  .   (no cloak)
rCorr    .         Harm     .   (no gloves)
MR       .....                  d - +1 pair of boots
Stlth    +.........             (no amulet)
HPRegen  0.08/turn              (no ring)
MPRegen  0.10/turn              (no ring)

@: studying Short Blades
A: no striking features
a: no special abilities


You were on level 2 of the Dungeon.
You were not hungry.

You visited 1 branch of the dungeon, and saw 2 of its levels.

You collected 55 gold pieces.

Inventory:

Hand Weapons
 a - a +0 whip
 j - a +1 short sword of speed (weapon)
 p - a +0 dagger
Armour
 b - a +1 robe
 c - a +1 hat
 d - a +1 pair of boots (worn)
 l - a +0 ring mail (worn)
 o - a +0 helmet (worn)
Scrolls
 h - a scroll of teleportation
 i - a scroll of enchant weapon {unknown}
 k - 2 scrolls of blinking {unknown}
 m - 2 scrolls of magic mapping {unknown}
 q - 2 scrolls of fear {unknown}
 s - a scroll of remove curse {unknown}
Books
 e - a manual of Short Blades
Miscellaneous
 f - an ancient crate
Comestibles
 g - 2 rations {!d}
 n - a chunk of flesh


   Skills:
 - Level 1.6 Fighting
 * Level 1.7 Short Blades
 - Level 0.7 Maces & Flails
 - Level 1.7 Armour
 - Level 4.0 Dodging
 - Level 3.3 Stealth
 + Level 1.0 Evocations


You had 3 spell levels left.
You didn't know any spells.
Your spell library was empty.

Dungeon Overview and Level Annotations

Branches:
Dungeon (2/12)

Altars:
Qazlal


Message History

You closely miss the hound.
The hound is almost dead.
The hound bites you but does no damage.
You completely miss the hound.
The hound is almost dead.
The hound bites you but does no damage.
You aren't carrying any potions.
You hit the hound.
The hound is almost dead.
The hound bites you but does no damage.
You closely miss the hound.
The hound is almost dead.
The hound closely misses you.
You miss the hound.
The hound is almost dead.
The hound closely misses you.
You closely miss the hound.
The hound is almost dead.
The hound bites you.
You die...

#.......#
####.#######
#.......# #.#####.#
####.# #.#### #....#
#.. .# #.##.# #.# .#
#.##.#####.##.## .
#.##.@hl...#...#....
#.#####.............
#.# ######...#....
#.# ##.## . #.# .#
#.# .# .# ##


You could see a hound and a leopard gecko.

Vanquished Creatures
  An ooze (D:2)
  2 worms (D:2)
  2 dart slugs (D:1)
  2 ball pythons
  3 bats
  3 giant cockroaches
  2 goblins
  6 hobgoblins
  13 jackals
  A quokka (D:2)
  A frilled lizard (D:1)
  7 kobolds
  3 rats
46 creatures vanquished.

Notes
Turn   | Place    | Note
-------+----------+-------------------------------------------
     0 | D:1      | Revguard the Avariel Archaeologist began the quest for the
                  | Orb.
     0 | D:1      | Reached XP level 1. HP: 11/11 MP: 3/3
    53 | D:1      | Reached skill level 1 in Fighting
   255 | D:1      | Reached XP level 2. HP: 16/16 MP: 4/4
   693 | D:1      | Reached XP level 3. HP: 20/20 MP: 5/5
   739 | D:1      | Reached skill level 1 in Armour
   739 | D:1      | Reached skill level 1 in Evocations
  1047 | D:2      | Reached skill level 4 in Dodging
  1342 | D:2      | Reached skill level 1 in Short Blades
  1418 | D:2      | HP: 1/20 [hound (3)]
  1733 | D:2      | Found a stormy altar of Qazlal.
  1855 | D:2      | Reached XP level 4. HP: 25/25 MP: 6/6
  2073 | D:2      | Slain by a hound

Skill      XL: |  1  2  3 |
---------------+----------+-----
Fighting       | 1 |  1.6
Armour         | 1 |  1.7
Evocations     | 1 |  1.0
Dodging        | 4 |  4.0
Short Blades   | 1 |  1.7
Maces & Flails | |  0.7
Stealth        | |  3.3

Action                   |  1- 3 |  4- 6 || total
-------------------------+-------+-------++-------
Melee: Whip              |   143 |       ||   143
       Dagger            |   127 |       ||   127
       Short sword       |    22 |    44 ||    66
  Use: Potion            |     4 |       ||     4
       Scroll            |     1 |       ||     1
 Stab: Sleeping          |     4 |     1 ||     5
  Eat: Chunk             |     3 |     1 ||     4
Armor: Robe              |    11 |       ||    11
       Ring mail         |   163 |    16 ||   179
Dodge: Dodged            |   250 |    17 ||   267
